 Dungeon Sprint DCSS version 0.15-a0-39-g424acf8 (webtiles) character file.

231 BluebellGnoll the Covert (level 5, -6/24 HPs)
             Began as a Spriggan Enchanter on Apr 3, 2014.
             Was a Believer of Sif Muna.
             Mangled by a troll (7 damage)
             ... in the Dungeon (Sprint IX: "|||||||||||||||||||||||||||||").
             The game lasted 00:02:40 (469 turns).

BluebellGnoll the Covert (Spriggan Enchanter)        Turns: 469, Time: 00:02:40

HP  -6/24        AC  4     Str 10      XL: 5   Next: 72%
MP   6/22        EV 18     Int 17      God: Sif Muna [**....]
Gold 0           SH  0     Dex 16 (17) Spells:  3 memorised, 14 levels left

rFire  . . .     SeeInvis +     p - +2 cutlass (venom)
rCold  . . .     Clarity  .     b - +1 robe
rNeg   . . .     Conserve .     (shield restricted)
rPois  .         rCorr    .     (helmet restricted)
rElec  .         rRot     .     q - +0 cloak
SustAb . .       Spirit   .     (gloves unavailable)
rMut   .         Warding  .     (boots unavailable)
Saprov . . .     NoTele   +     (no amulet)
MR     .....                    t - +3 ring of strength
                                s - +3 ring of strength

@: very quick, not resistant to hostile enchantments, extremely stealthy
A: unfitting armour, see invisible, herbivore 3, speed 3, slow metabolism 2
a: Channel Energy, Forget Spell, Renounce Religion


You were in the Dungeon.
You worshipped Sif Muna.
Sif Muna was pleased with you.
You were not hungry.

You visited 1 branch

Inventory:

Hand weapons
 a - a +1,+1 dagger
 p - a +2,+2 cutlass of venom (weapon)
Missiles
 d - 12 darts (quivered)
Armour
 b - a +1 robe (worn)
 q - a +0 cloak (worn)
Magical devices
 o - a wand of draining (7)
Comestibles
 r - 3 rotting chunks of hobgoblin flesh
Scrolls
 k - 2 scrolls of blinking
 m - 3 scrolls of remove curse
 n - 2 scrolls of amnesia
Jewellery
 s - a +3 ring of strength (left hand)
 t - a +3 ring of strength (right hand)
Potions
 e - a potion of porridge
 f - 5 potions of curing
 g - 3 potions of heal wounds
 h - a potion of haste
 i - 4 potions of magic
 l - a potion of invisibility
Books
 c - a book of Maledictions

   Spells                             Type                      Level
   *Corona                            Hexes                        1
   Sure Blade                         Hexes/Charms                 2
   *Ensorcelled Hibernation           Hexes/Ice                    2
   *Confuse                           Hexes                        3
   Enslavement                        Hexes                        4
   Invisibility                       Hexes                        6


   Skills:
 - Level 1.1 Short Blades
 - Level 1.1 Throwing
 - Level 3.0 Dodging
 - Level 11.9 Stealth
 * Level 8.1 Spellcasting
 + Level 8.6 Hexes


You had 14 spell levels left.
You knew the following spells:

 Your Spells              Type           Power        Failure   Level  Hunger
a - Corona                Hex            #####..      1%          1    None
b - Ensorcelled Hibernat  Hex/Ice        ###...       2%          2    None
c - Confuse               Hex            #####...     1%          3    ##.....


Dungeon Overview and Level Annotations

Branches:
Dungeon (1/1)

Altars:
Ashenzari
Cheibriados
Dithmenos
Elyvilon
Fedhas
Kikubaaqudgha
Makhleb
Nemelex Xobeh
Okawaru
Sif Muna
Trog
Vehumet
Xom
Yredelemnul
Zin
The Shining One


Innate Abilities, Weirdness & Mutations

You are tiny and cannot use many weapons and most armour.
You have supernaturally acute eyesight.
You are a herbivore.
You cover ground extremely quickly.
You need consume almost no food.


Message History

You hit the troll.
The troll is poisoned.
The troll is lightly wounded.
The troll bites the wraith!
The troll claws the wraith!
The troll claws the wraith!
The wraith is destroyed!
You can now freely open your mind to new spells.
Your Spellcasting skill gained 2 levels and is now at level 8!
Your Hexes skill increases to level 8!
You hit the troll but do no damage.
The troll looks even sicker.
The troll is lightly wounded.
The troll shouts, "What's happening?!"
Your magical contamination has completely faded away.
The troll seems less confused.
You completely miss the troll.
The troll is lightly wounded.
You feel less exhausted. The troll bites you.
* * * LOW HITPOINT WARNING * * *
The troll claws you!
You die... ▓▓▓▓▓▓▓▓▓▓▓▓▓▓▓▓▓▓▓ %.)'..%.%'.....T@<▓ ▓▓▓▓▓▓▓▓▓▓▓▓▓▓▓▓▓▓▓

You could see a troll.

Vanquished Creatures
  A wraith (D)
  A giant frog (D)
  A scorpion (D)
  A quasit (D)
  An adder (D)
  An orc (D)
  A bat (D)
  A giant cockroach (D)
  A goblin (D)
  3 hobgoblins (D)
  A jackal skeleton (D)
  A rat (D)
14 creatures vanquished.

Notes
Turn   | Place    | Note
--------------------------------------------------------------
     0 | D        | BluebellGnoll, the Spriggan Enchanter, began the quest for the Orb.
     0 | D        | Reached XP level 1. HP: 9/9 MP: 4/4
    13 | D        | Reached skill level 4 in Stealth
    30 | D        | Reached skill level 5 in Stealth
    40 | D        | Reached skill level 6 in Stealth
   226 | D        | Noticed a scorpion
   228 | D        | Reached XP level 2. HP: 13/13 MP: 7/7
   230 | D        | Reached skill level 7 in Stealth
   232 | D        | Reached skill level 8 in Stealth
   240 | D        | Learned a level 2 spell: Ensorcelled Hibernation
   301 | D        | Killed a scorpion
   301 | D        | Reached skill level 11 in Stealth
   301 | D        | Reached XP level 3. HP: 16/16 MP: 1/9
   318 | D        | Learned a level 3 spell: Confuse
   334 | D        | Found a shadowy altar of Dithmenos.
   334 | D        | Found a burning altar of Makhleb.
   334 | D        | Found a bloodstained altar of Trog.
   334 | D        | Found a sparkling altar of Nemelex Xobeh.
   334 | D        | Found a blossoming altar of Fedhas.
   334 | D        | Found an iron altar of Okawaru.
   334 | D        | Found a deep blue altar of Sif Muna.
   335 | D        | Found a glowing golden altar of the Shining One.
   336 | D        | Found a shimmering altar of Xom.
   337 | D        | Found a snail-covered altar of Cheibriados.
   338 | D        | Found a burning altar of Makhleb.
   339 | D        | Found a radiant altar of Vehumet.
   340 | D        | Found a basalt altar of Yredelemnul.
   341 | D        | Found a white marble altar of Elyvilon.
   342 | D        | Found a glowing silver altar of Zin.
   343 | D        | Became a worshipper of Sif Muna the Loreminder
   344 | D        | Found a shattered altar of Ashenzari.
   345 | D        | Found a shadowy altar of Dithmenos.
   346 | D        | Found an ancient bone altar of Kikubaaqudgha.
   386 | D        | Noticed a wraith
   386 | D        | Noticed a troll
   386 | D        | Noticed a phantom
   386 | D        | Noticed a quasit
   386 | D        | Noticed a giant frog
   394 | D        | Killed a giant frog
   394 | D        | Acquired Sif Muna's first power
   394 | D        | Reached skill level 5 in Spellcasting
   394 | D        | Reached XP level 4. HP: 19/21 MP: 9/17
   401 | D        | Killed a quasit
   401 | D        | Reached XP level 5. HP: 18/24 MP: 10/20
   466 | D        | Killed a wraith
   466 | D        | Acquired Sif Muna's second power
   469 | D        | HP: 1/24 [troll (6)]
   469 | D        | Mangled by a troll

Action                   |  1- 3 |  4- 6 || total
-------------------------+-------+-------++-------
Melee: Dagger            |    49 |       ||    49
       Cutlass           |     6 |    13 ||    19
 Cast: Ensorcelled Hiber |     2 |     5 ||     7
       Confuse           |       |     1 ||     1
  Use: Potion            |     1 |       ||     1
 Stab: Sleeping          |     4 |       ||     4
